 Dungeon Crawl Stone Soup version 0.24-a0-117-g53b51606c3 (webtiles) character file.

Game seed: 0

56619 MrRokkomies the Fighter (level 14, -2/113 HPs)
             Began as a Gnoll Wanderer on Feb 14, 2019.
             Was the Champion of Makhleb.
             Slain by an orc warrior
             ... wielding a +0 short sword
             ... led by an orc warlord
              (16 damage)
             ... on level 1 of the Orcish Mines on Feb 18, 2019.
             The game lasted 01:18:13 (18414 turns).

MrRokkomies the Fighter (Gnoll Wanderer)           Turns: 18414, Time: 01:18:19

Health: -2/113     AC: 32    Str: 14    XL:     14   Next: 82%
Magic:  27/27      EV: 12    Int: 17    God:    Makhleb [******]
Gold:   1178       SH:  0    Dex: 21    Spells: 27/31 levels left

rFire    . . .     SeeInvis +   a - +10 quarterstaff of Spite {flame, rPois rF- rN++ SInv}
rCold    + . .     Gourm    +   (shield currently unavailable)
rNeg     + + +     Faith    .   I - +5 chain mail {rF+}
rPois    +         Spirit   .   x - +2 helmet
rElec    .         Reflect  .   E - +2 cloak
rCorr    .         Harm     .   u - +3 pair of gauntlets of War {Slay+5}
MR       ++...                  W - +2 pair of boots {Fly}
Stlth    ..........             X - amulet "Meris" {Gourm rC+ rN+ Int+3 Stlth-}
HPRegen  0.28/turn              S - ring of protection from magic
MPRegen  0.20/turn              i - ring of positive energy

@: flying
A: distributed training, fangs 1, hooves 1, poison resistance, shaggy fur 1,
strong nose
a: Minor Destruction, Lesser Servant of Makhleb, Major Destruction, Greater
Servant of Makhleb, Renounce Religion, Stop Flying


You were on level 1 of the Orcish Mines.
You worshipped Makhleb.
Makhleb was exalted by your worship.
You were not hungry.

You visited 3 branches of the dungeon, and saw 18 of its levels.
You also visited: Ossuary, Bailey and Volcano.

You collected 1515 gold pieces.
You spent 337 gold pieces at shops.

Inventory:

Hand Weapons
 a - the +10 quarterstaff of Spite (weapon) {flame, rPois rF- rN++ SInv}
   (You found it on level 10 of the Dungeon)

   It has been specially enchanted to burn those struck by it, causing extra
   injury to most foes and up to half again as much damage against particularly
   susceptible opponents.
   It makes you vulnerable to fire.
   It protects you from poison.
   It greatly protects you from negative energy.
   It lets you see invisible.
 b - a +2 blowgun
Missiles
 c - 17 javelins
 d - a curare-tipped needle
 v - 56 poisoned needles
 y - 3 needles of confusion
 B - 7 needles of frenzy
 G - 4 throwing nets
 T - 65 tomahawks of returning (quivered)
Armour
 u - the +3 pair of gauntlets of War (worn) {Slay+5}
   (You acquired it on level 1 of the Lair of Beasts)

   It affects your accuracy and damage with ranged weapons and melee attacks
   (+5).
 x - a +2 helmet (worn)
 E - a +2 cloak (worn)
 I - a +5 chain mail of fire resistance (worn)
 L - the +0 pair of gloves "Ruameg" {rF+++ Regen+ Str-2 Stlth+}
   (You found it on level 7 of the Dungeon)

   It affects your strength (-2).
   It renders you almost immune to fire.
   It increases your rate of regeneration.
   It makes you more stealthy.
 W - a +2 pair of boots of flying (worn)
Jewellery
 i - a ring of positive energy (right hand)
 F - an uncursed ring of wizardry
 O - an uncursed ring of resist corrosion
 S - a ring of protection from magic (left hand)
 X - the amulet "Meris" (around neck) {Gourm rC+ rN+ Int+3 Stlth-}
   (You acquired it on level 4 of the Lair of Beasts)

   [amulet of the gourmand]

   It allows you to eat raw meat even when not hungry.
   It affects your intelligence (+3).
   It protects you from cold.
   It protects you from negative energy.
   It makes you less stealthy.
 Z - an uncursed ring of ice
Wands
 e - a wand of flame (48)
 M - a wand of paralysis (6)
 N - a wand of disintegration (13)
 Q - a wand of polymorph (20)
Scrolls
 m - 12 scrolls of remove curse
 C - 7 scrolls of fear
 D - a scroll of immolation
 J - 7 scrolls of teleportation
 K - 3 scrolls of fog
 R - a scroll of holy word
 V - 4 scrolls of identify
Potions
 j - 6 potions of lignification
 l - 3 potions of might
 n - 14 potions of curing
 p - 3 potions of agility
 r - a potion of berserk rage
 s - 4 potions of heal wounds
 w - 4 potions of haste
 z - 2 potions of brilliance
 A - 5 potions of magic
 P - 2 potions of resistance
 U - a potion of cancellation
Miscellaneous
 h - a lamp of fire
 q - a phantom mirror
Comestibles
 f - 30 rations


   Skills:
 + Level 11.1 Fighting
 + Level 9.1 Short Blades
 + Level 10.2 Long Blades
 + Level 9.5 Axes
 + Level 9.1 Maces & Flails
 + Level 9.1 Polearms
 + Level 9.1 Staves
 + Level 9.1 Slings
 + Level 9.1 Bows
 + Level 9.1 Crossbows
 + Level 9.5 Throwing
 + Level 9.5 Armour
 + Level 9.5 Dodging
 + Level 9.1 Stealth
 + Level 9.1 Shields
 + Level 9.1 Unarmed Combat
 + Level 9.1 Spellcasting
 + Level 7.6 Conjurations
 + Level 7.6 Hexes
 + Level 7.6 Charms
 + Level 7.6 Summonings
 + Level 7.6 Necromancy
 + Level 7.6 Translocations
 + Level 7.6 Transmutations
 + Level 7.6 Fire Magic
 + Level 7.6 Ice Magic
 + Level 7.6 Air Magic
 + Level 7.6 Earth Magic
 + Level 7.6 Poison Magic
 + Level 10.0 Invocations
 + Level 9.5 Evocations


You had 27 spell levels left.
You knew the following spells:

 Your Spells              Type           Power        Failure   Level  Hunger
a - Confusing Touch       Hex            ####..       6%          1    None
b - Gell's Gravitas       Tloc           ####......   19%         3    None

Your spell library contained the following spells:

 Spells                   Type           Power        Failure   Level  Hunger
 Flame Tongue             Conj/Fire      ####.        6%          1    None
 Magic Dart               Conj           ####         6%          1    None
 Poisonous Vapours        Pois/Air       ####..       9%          2    None
 Throw Flame              Conj/Fire      ####..       9%          2    None
 Confuse                  Hex            ####....     19%         3    None
 Conjure Flame            Conj/Fire      ####....     19%         3    None
 Inner Flame              Hex/Fire       ####....     19%         3    None
 Mephitic Cloud           Conj/Pois/Air  ####....     19%         3    None
 Recall                   Summ/Tloc      N/A          19%         3    None
 Cause Fear               Hex            ####......   52%         4    ###....
 Petrify                  Tmut/Erth      ####....     52%         4    ###....
 Sticky Flame             Conj/Fire      ####....     52%         4    ###....
 Throw Icicle             Conj/Ice       ####....     52%         4    ###....
 Aura of Abjuration       Summ           ####......   86%         5    #####..
 Fireball                 Conj/Fire      ####......   86%         5    #####..
 Iskenderun's Battlesphe  Conj/Chrm      ####....     86%         5    #####..
 Lightning Bolt           Conj/Air       ####......   86%         5    #####..
 Metabolic Englaciation   Hex/Ice        ####......   86%         5    #####..
 Silence                  Hex/Air        ####......   86%         5    #####..
 Summon Demon             Summ           ####......   86%         5    #####..
 Summon Forest            Summ/Tloc      ####......   86%         5    #####..
 Summon Mana Viper        Hex/Summ       ####....     86%         5    #####..
 Yara's Violent Unravell  Hex/Tmut       ####......   86%         5    #####..
 Deflect Missiles         Chrm/Air       ####......   100%        6    ######.
 Freezing Cloud           Conj/Ice/Air   ####......   100%        6    ######.
 Shadow Creatures         Summ           N/A          100%        6    ######.
 Ring of Flames           Chrm/Fire      ####......   100%        7    #######
 Discord                  Hex            ####......   100%        8    #######


Dungeon Overview and Level Annotations

Branches:
Dungeon (11/15)            Temple (0/1) D:7            Lair (6/6) D:9
  Swamp (0/4) Lair:4       Spider (0/4) Lair:2        Slime (0/5) Lair:6
    Orc (1/2) D:10

Altars:
Cheibriados
Dithmenos
Elyvilon
Fedhas
Gozag
Hepliaklqana
Kikubaaqudgha
Makhleb
Qazlal
Ru
Trog
Xom
Zin
The Shining One
Jiyva

Shops:
D:6 *

Annotations:
D:8 2 transporters, Flugslaktarn's ghost, novice DDFi; Maurice
Lair:4 exclusion: 4 oklob plants
Lair:6 1 runed translucent door


Innate Abilities, Weirdness & Mutations

Your experience applies equally to all skills.
You have very sharp teeth.
Your uncanny sense of smell can sniff out nearby items.
You have large cloven feet.
Your system is resistant to poisons. (rPois)
You are covered in fur. (AC +1)


Message History

The orc warrior hits you but does no damage.
Throwing (i - inventory. (/) - cycle)
T - 65 tomahawks of returning (quivered)
Press: ? - help, Shift-Dir - straight line, f/p - orc warrior
Aim: an orc warrior, wielding a +0 halberd and wearing a +0 plate armour (severely wounded, unusually strong)
You throw a tomahawk of returning.
The tomahawk of returning barely misses the orc warrior.
The tomahawk of returning returns to your pack!
The orc warrior hits you from afar with a +0 halberd!!
The orc barely misses you.
An orc warrior comes into view. It is wielding a +0 halberd.
The orc warrior hits you with a +0 short sword.
You hear a shout! x2
The orc priest invokes the aid of Beogh against you.
Beogh smites you!
The orc warrior hits you from afar with a +0 glaive!!
The orc warrior hits you from afar with a +0 halberd!!
* * * LOW HITPOINT WARNING * * *
The orc barely misses you.
The orc warrior hits you with a +0 short sword!
You die...

#... ##.#
###.#.# #...
##.#..o. . #...
#...#.#.#
..#...##...o....
...........#....
.......o.ooo....
#...#o.o.......
#..o>@....###.
#..o.......#
............##
...o...$...#.#
..............#
.##......#.#.##
###...#...##
.....#.##


You could see an orc warlord, 6 orc warriors, an orc priest and 3 orcs.

Vanquished Creatures
  4 hydras
  Harold (Lair:1)
  Erolcha (D:10)
  4 two-headed ogres
  An unseen horror (D:10)
  An orc knight (D:10)
  A deep elf mage (D:10)
  An ugly thing (D:11)
  A manticore (D:11)
  A cyclops (D:11)
  3 black mambas
  A gargoyle (Volcano)
  9 spiny frogs
  4 rime drakes
  8 komodo dragons
  An efreet (Volcano)
  A troll (D:11)
  4 polar bears (Lair:6)
  2 bog bodies (Lair:4)
  4 hornets (Lair:6)
  8 blink frogs
  Prince Ribbit (D:7)
  13 dream sheep
  9 hippogriffs
  12 spriggans (Lair:6)
  A shadow (D:11)
  4 wyverns
  33 yaks
  2 basilisks
  5 hungry ghosts
  7 porcupines
  10 water moccasins
  7 orc warriors
  4 sky beasts
  A necrophage (D:8)
  2 ice beasts (D:10)
  An eye of draining (D:10)
  5 black bears
  6 ogres
  5 boggarts (Lair:6)
  6 centaurs (D:11)
  30 wolves
  10 crocodiles
  17 bullfrogs
  2 big kobolds
  An earth elemental (Volcano)
  A troll zombie (D:10)
  7 crimson imps
  2 bullfrog zombies
  2 howler monkeys (D:4)
  2 centaur zombies
  4 hounds
  4 jellies
  4 orc priests
  15 orc wizards
  2 bullfrog skeletons (D:9)
  An iron imp (D:8)
  2 iguanas
  Ijyb (D:3)
  4 worker ants
  2 big kobold zombies (Ossuary)
  5 ogre zombies (D:10)
  A hound zombie (D:10)
  A hound skeleton (D:9)
  2 mummies (Ossuary)
  2 worker ant zombies
  17 gnolls
  11 adders
  3 shadow imps
  2 oozes
  An adder skeleton (D:4)
  2 worms
  A dart slug (D:3)
  12 leopard geckos
  46 orcs
  5 giant cockroaches
  4 goblins
  21 hobgoblins
  10 jackals
  23 kobolds
  2 quokkas
  A ball python (D:1)
  7 bats
  7 frilled lizards
  5 goblin zombies
  A hobgoblin skeleton (D:10)
  11 hobgoblin zombies
  2 jackal zombies
  11 kobold zombies (Ossuary)
  A leopard gecko skeleton (D:4)
  3 orc skeletons (D:10)
  20 orc zombies
  A quokka zombie (D:5)
  9 rats
  2 rat zombies (Ossuary)
560 creatures vanquished.

Vanquished Creatures (others)
  A fungus (Lair:6)
  4 plants (Lair:4)
5 creatures vanquished.

Grand Total: 565 creatures vanquished

Notes
Turn   | Place    | Note
-------+----------+-------------------------------------------
     0 | D:1      | MrRokkomies the Gnoll Wanderer began the quest for the Orb.
     0 | D:1      | MrRokkomies set off with the following items: a
                  | curare-tipped needle, a +2 blowgun, a +0 hand axe, a +0
                  | falchion, a +0 robe, a ration
     0 | D:1      | Reached XP level 1. HP: 23/23 MP: 2/2
   131 | D:1      | Reached XP level 2. HP: 26/29 MP: 3/3
   396 | D:1      | Reached XP level 3. HP: 26/35 MP: 4/4
   645 | D:1      | Found a glowing golden altar of the Shining One.
   968 | D:2      | Reached skill level 1 in Invocations
  1407 | D:2      | Reached skill level 1 in Short Blades
  1407 | D:2      | Reached skill level 1 in Maces & Flails
  1407 | D:2      | Reached skill level 1 in Polearms
  1407 | D:2      | Reached skill level 1 in Staves
  1407 | D:2      | Reached skill level 1 in Slings
  1407 | D:2      | Reached skill level 1 in Bows
  1407 | D:2      | Reached skill level 1 in Crossbows
  1407 | D:2      | Reached skill level 1 in Stealth
  1407 | D:2      | Reached skill level 1 in Shields
  1407 | D:2      | Reached skill level 1 in Unarmed Combat
  1407 | D:2      | Reached skill level 1 in Spellcasting
  1533 | D:2      | Reached XP level 4. HP: 37/41 MP: 6/6
  2193 | D:3      | Found a shadowy altar of Dithmenos.
  2194 | D:3      | Found a blossoming altar of Fedhas.
  2215 | D:3      | Reached skill level 1 in Conjurations
  2215 | D:3      | Reached skill level 1 in Hexes
  2215 | D:3      | Reached skill level 1 in Charms
  2215 | D:3      | Reached skill level 1 in Summonings
  2215 | D:3      | Reached skill level 1 in Necromancy
  2215 | D:3      | Reached skill level 1 in Translocations
  2215 | D:3      | Reached skill level 1 in Transmutations
  2215 | D:3      | Reached skill level 1 in Fire Magic
  2215 | D:3      | Reached skill level 1 in Ice Magic
  2215 | D:3      | Reached skill level 1 in Air Magic
  2215 | D:3      | Reached skill level 1 in Earth Magic
  2215 | D:3      | Reached skill level 1 in Poison Magic
  2574 | D:3      | Noticed a black bear
  2597 | D:3      | Killed a black bear
  2597 | D:3      | Reached XP level 5. HP: 25/47 MP: 7/7
  2923 | D:3      | Reached XP level 6. HP: 29/53 MP: 8/8
  3237 | D:3      | Noticed Ijyb
  3253 | D:3      | Killed Ijyb
  3277 | D:3      | Found an opulent altar of Gozag.
  3278 | D:3      | Found a shimmering altar of Xom.
  3280 | D:3      | Found an ancient bone altar of Kikubaaqudgha.
  3435 | D:4      | Reached skill level 5 in Long Blades
  3776 | D:4      | Found an opulent altar of Gozag.
  4497 | D:5      | Entered Level 5 of the Dungeon
  4525 | D:5      | Reached XP level 7. HP: 54/59 MP: 10/10
  4547 | D:5      | Reached skill level 7 in Fighting
  4727 | D:5      | Found a sand-covered staircase.
  4769 | Ossuary  | Entered an ossuary
  5488 | D:5      | Reached XP level 8. HP: 36/67 MP: 12/12
  5849 | D:5      | Found a stormy altar of Qazlal.
  6129 | D:6      | Found a white marble altar of Elyvilon.
  6153 | D:6      | Found Jiaraq's Assorted Antiques.
  6190 | D:6      | Bought a shiny chain mail for 202 gold pieces
  6190 | D:6      | Bought 3 scrolls labeled NUUFORYLEU for 81 gold pieces
  6190 | D:6      | Bought a scroll labeled KAQYAXO BIXKU for 27 gold pieces
  6190 | D:6      | Bought a scroll labeled NUUFORYLEU for 27 gold pieces
  6206 | D:6      | Upgraded the game from 0.24-a0-107-g431b8d2fe3 to
                  | 0.24-a0-115-gd155597332
  6524 | D:6      | Found a hazy altar of Hepliaklqana.
  7308 | D:6      | Found a sacrificial altar of Ru.
  7308 | D:6      | Found a burning altar of Makhleb.
  7313 | D:6      | Found a faded altar of an unknown god.
  7315 | D:6      | Found a bloodstained altar of Trog.
  7316 | D:6      | Found a faded altar of an unknown god.
  7320 | D:6      | Became a worshipper of Makhleb the Destroyer
  7320 | D:6      | Reached * piety under Makhleb
  7488 | D:7      | Reached XP level 9. HP: 72/72 MP: 14/14
  7499 | D:7      | Got a pair of shimmering gloves
  7505 | D:7      | Identified the +0 pair of gloves "Ruameg" {rF+++ Regen+
                  | Str-2 Stlth+} (You found it on level 7 of the Dungeon)
  7915 | D:7      | Found a staircase to the Ecumenical Temple.
  8182 | D:7      | Noticed Prince Ribbit
  8207 | D:7      | Reached skill level 5 in Axes
  8207 | D:7      | Reached skill level 5 in Throwing
  8207 | D:7      | Reached skill level 5 in Armour
  8207 | D:7      | Reached skill level 5 in Dodging
  8207 | D:7      | Reached skill level 5 in Evocations
  8235 | D:7      | Killed Prince Ribbit
  8408 | D:8      | Reached skill level 8 in Fighting
  8488 | D:8      | Reached ** piety under Makhleb
  8512 | D:8      | Reached skill level 5 in Invocations
  8572 | D:8      | Noticed a two-headed ogre
  8593 | D:8      | Killed a two-headed ogre
  8593 | D:8      | Reached XP level 10. HP: 60/80 MP: 15/17
  8646 | D:8      | Found a transporter.
  8646 | D:8      | Found a transporter.
  8685 | D:8      | Noticed Flugslaktarn's ghost (novice DDFi)
  8804 | D:8      | Found a snail-covered altar of Cheibriados.
  9145 | D:8      | Noticed Maurice
  9512 | D:9      | Reached skill level 5 in Short Blades
  9512 | D:9      | Reached skill level 5 in Maces & Flails
  9512 | D:9      | Reached skill level 5 in Polearms
  9512 | D:9      | Reached skill level 5 in Staves
  9512 | D:9      | Reached skill level 5 in Slings
  9512 | D:9      | Reached skill level 5 in Bows
  9512 | D:9      | Reached skill level 5 in Crossbows
  9512 | D:9      | Reached skill level 5 in Stealth
  9512 | D:9      | Reached skill level 5 in Shields
  9512 | D:9      | Reached skill level 5 in Unarmed Combat
  9512 | D:9      | Reached skill level 5 in Spellcasting
  9762 | D:9      | Found a shimmering altar of Xom.
  9762 | D:9      | Found a shimmering altar of Xom.
  9763 | D:9      | Found a shimmering altar of Xom.
  9763 | D:9      | Found a shimmering altar of Xom.
  9763 | D:9      | Noticed a two-headed ogre
  9768 | D:9      | Found a shimmering altar of Xom.
  9768 | D:9      | Found a shimmering altar of Xom.
  9811 | D:10     | Entered Level 10 of the Dungeon
 10156 | D:10     | Got a faintly glowing quarterstaff
 10157 | D:10     | Identified the +10 quarterstaff of Spite {flame, rPois rF-
                  | rN++ SInv} (You found it on level 10 of the Dungeon)
 10274 | D:11     | Noticed a cyclops
 10289 | D:11     | Killed a cyclops
 10357 | D:11     | Reached *** piety under Makhleb
 10397 | D:11     | Reached XP level 11. HP: 85/87 MP: 19/19
 10459 | D:11     | Found a glowing silver altar of Zin.
 10462 | D:11     | Noticed a manticore
 10475 | D:11     | Killed a manticore
 10487 | D:11     | Noticed a two-headed ogre
 10495 | D:11     | Killed a two-headed ogre
 10495 | D:11     | Reached skill level 9 in Fighting
 10564 | D:11     | Found a flagged portal.
 10636 | Bailey   | Entered a bailey
 10900 | Bailey   | Reached skill level 5 in Conjurations
 10900 | Bailey   | Reached skill level 5 in Hexes
 10900 | Bailey   | Reached skill level 5 in Charms
 10900 | Bailey   | Reached skill level 5 in Summonings
 10900 | Bailey   | Reached skill level 5 in Necromancy
 10900 | Bailey   | Reached skill level 5 in Translocations
 10900 | Bailey   | Reached skill level 5 in Transmutations
 10900 | Bailey   | Reached skill level 5 in Fire Magic
 10900 | Bailey   | Reached skill level 5 in Ice Magic
 10900 | Bailey   | Reached skill level 5 in Air Magic
 10900 | Bailey   | Reached skill level 5 in Earth Magic
 10900 | Bailey   | Reached skill level 5 in Poison Magic
 11157 | D:11     | Reached **** piety under Makhleb
 11254 | D:11     | Noticed a red ugly thing
 11266 | D:11     | Killed a red ugly thing
 11406 | D:10     | Noticed Erolcha
 11414 | D:10     | Killed Erolcha
 11477 | D:10     | Noticed an unseen horror
 11484 | D:10     | Killed an unseen horror
 11858 | D:10     | Noticed a deep elf mage
 11870 | D:10     | Killed a deep elf mage
 11905 | D:10     | Reached ***** piety under Makhleb
 11919 | D:10     | Noticed a two-headed ogre
 11934 | D:10     | Killed a two-headed ogre
 11964 | D:10     | Found a staircase to the Orcish Mines.
 12410 | D:9      | Found a glowing silver altar of Zin.
 12453 | D:9      | Reached XP level 12. HP: 96/96 MP: 22/22
 12517 | D:9      | Found a staircase to the Lair.
 12618 | D:9      | Killed a two-headed ogre
 12850 | D:9      | Gained mutation: Your mind is acute. (Int +2) [potion of
                  | mutation]
 12850 | D:9      | Gained mutation: You are covered in fur. (AC +1) [potion of
                  | mutation]
 12850 | D:9      | Gained mutation: Your spells are a little harder to cast,
                  | but a little more powerful. [potion of mutation]
 12850 | D:9      | Gained mutation: You have a pair of small horns on your
                  | head. [potion of mutation]
 12851 | D:9      | Lost mutation: Your mind is acute. (Int +2) [potion of
                  | mutation]
 12851 | D:9      | Lost mutation: Your spells are a little harder to cast, but
                  | a little more powerful. [potion of mutation]
 12851 | D:9      | Gained mutation: Scrolls take you a little longer to read.
                  | [potion of mutation]
 12851 | D:9      | Gained mutation: You are somewhat resistant to further
                  | mutation. [potion of mutation]
 12852 | D:9      | Lost mutation: You have a pair of small horns on your head.
                  | [potion of mutation]
 12852 | D:9      | Lost mutation: Scrolls take you a little longer to read.
                  | [potion of mutation]
 12852 | D:9      | Lost mutation: You are somewhat resistant to further
                  | mutation. [potion of mutation]
 12852 | D:9      | Gained mutation: You are agile. (Dex +2) [potion of
                  | mutation]
 12852 | D:9      | Gained mutation: You are robust. (+10% HP) [potion of
                  | mutation]
 12852 | D:9      | Gained mutation: Your spells are a little harder to cast,
                  | but a little more powerful. [potion of mutation]
 12852 | D:9      | Gained mutation: You have a pair of small horns on your
                  | head. [potion of mutation]
 12853 | D:9      | Lost mutation: Your spells are a little harder to cast, but
                  | a little more powerful. [potion of mutation]
 12853 | D:9      | Lost mutation: You have a pair of small horns on your head.
                  | [potion of mutation]
 12853 | D:9      | Lost mutation: You are robust. (+10% HP) [potion of
                  | mutation]
 12853 | D:9      | Lost mutation: You are agile. (Dex +2) [potion of mutation]
 12853 | D:9      | Gained mutation: You have a pair of small horns on your
                  | head. [potion of mutation]
 12853 | D:9      | Gained mutation: You are agile. (Dex +2) [potion of
                  | mutation]
 12889 | Lair:1   | Entered Level 1 of the Lair of Beasts
 12895 | Lair:1   | Noticed Harold
 12907 | Lair:1   | Killed Harold
 13140 | Lair:1   | Identified a scroll of acquirement
 13141 | Lair:1   | Found the +3 pair of gauntlets of War {Slay+5}
 13448 | Lair:2   | Found the +8 orange crystal plate armour {Archmagi, Int+3
                  | Clar}
 13462 | Lair:2   | Upgraded the game from 0.24-a0-115-gd155597332 to
                  | 0.24-a0-117-g53b51606c3
 13610 | Lair:2   | Found a hole to the Spider Nest.
 13684 | Lair:2   | Reached skill level 10 in Fighting
 13684 | Lair:2   | Reached XP level 13. HP: 103/103 MP: 22/24
 13893 | Lair:2   | Identified the Incunabulum of Fiery Attacks
 14710 | Lair:4   | Learned a level 1 spell: Confusing Touch
 14714 | Lair:4   | Learned a level 3 spell: Gell's Gravitas
 15032 | Lair:4   | Lost mutation: You are agile. (Dex +2) [potion of mutation]
 15032 | Lair:4   | Lost mutation: You have a pair of small horns on your head.
                  | [potion of mutation]
 15032 | Lair:4   | Gained mutation: You have large cloven feet. [potion of
                  | mutation]
 15032 | Lair:4   | Gained mutation: Your system is resistant to poisons.
                  | (rPois) [potion of mutation]
 15291 | Lair:4   | Got a crude ruby amulet
 15293 | Lair:4   | Identified the amulet "Meris" {Gourm rC+ rN+ Int+3 Stlth-}
                  | (You acquired it on level 4 of the Lair of Beasts)
 15333 | Lair:4   | Found a staircase to the Swamp.
 15345 | Lair:4   | Reached XP level 14. HP: 91/111 MP: 26/26
 15652 | Lair:5   | Found a dark tunnel.
 15723 | Volcano  | Entered a volcano
 15985 | Lair:5   | Reached ****** piety under Makhleb
 16487 | Lair:6   | Entered Level 6 of the Lair of Beasts
 16674 | Lair:6   | Found a runed translucent door.
 16675 | Lair:6   | Found a viscous altar of Jiyva.
 16677 | Lair:6   | Found a staircase to the Slime Pits.
 17183 | Lair:6   | Reached skill level 10 in Long Blades
 17319 | Lair:6   | Reached skill level 11 in Fighting
 18303 | Orc:1    | Entered Level 1 of the Orcish Mines
 18304 | Orc:1    | Noticed an orc warlord
 18319 | D:10     | Reached skill level 10 in Invocations
 18414 | Orc:1    | Slain by an orc warrior

Levels and vault maps discovered:
D:1:      onia_arrival_mini_spirals, layout_rooms, tso_altar
D:2:      layout_loops_ring
D:3:      layout_basic, nicolae_overflow_hidden_temple, uniq_ijyb
D:4:      layout_basic, nicolae_gozag_cash_rules_everything_around_me
D:5:      layout_loops_ring, kennysheep_mini_moat,
          lightli_ossuary_entry_decrepit_ruins, first_ration, kennysheep_dice
D:6:      layout_loops_corners, chequers_temple_overflow_minitemple,
          lemuel_round_altar, kennysheep_little_box, serial_shops, shop,
          hangedman_decor_slide_cut
D:7:      layout_basic, minmay_temple_entry_purple_smoke, uniq_prince_ribbit1
D:8:      layout_basic, slow_altar_2, gammafunk_ghost_hive, uniq_maurice
D:9:      layout_rooms, marbit_many_paths, lair_entry_dummy, blue_anna_alchemist
          [blue_anna_fruit_fields, blue_anna_fruit_fields], xom_redecorated
D:10:     layout_irregular_city, zombieorc1_lemuel, serial_rivers,
          chequers_serial_rivers_micro_e, chequers_serial_rivers_small_b,
          chequers_serial_rivers_room_b, chequers_serial_rivers_small_a,
          roderic_lattice_a, uniq_erolcha
D:11:     layout_loops_ring, basic_altar, enter_bailey_8
Lair:1:   layout_cave_shapes, chequers_serial_rivers_room_b, uniq_harold
Lair:2:   layout_chaotic_city, spider_nest_entry_web_field,
          infiniplex_staircase_pool_2, grunt_megastairs_4
Lair:3:   layout_misc_corridors, patterned_corridor
Lair:4:   layout_regular_city, skrybe_swamp_entry_bodies,
          minmay_lair_oklob_chamber
Lair:5:   layout_misc_corridors, nicolae_volcano_entry_lava_flow,
          serial_bayou_shore_b, grunt_megastairs_5
Lair:6:   minmay_lair_end_enchanted_forest, layout_layer_cave, slime_altar_2
Orc:1:    layout_caves
Ossuary:  ossuary_tomb_1
Bailey:   bailey_axe_2, bailey
Volcano:  volcano_pools

Skill      XL: |  1  2  3  4  5  6  7  8  9 10 11 12 13 14 |
---------------+-------------------------------------------+-----
Invocations    | 1 2 3 4 5 6 7 8 9 10 | 10.0
Short Blades   | 1 2 3 4 5 6 7 8 9 |  9.1
Maces & Flails | 1 2 3 4 5 6 7 8 9 |  9.1
Polearms       | 1 2 3 4 5 6 7 8 9 |  9.1
Staves         | 1 2 3 4 5 6 7 8 9 |  9.1
Slings         | 1 2 3 4 5 6 7 8 9 |  9.1
Bows           | 1 2 3 4 5 6 7 8 9 |  9.1
Crossbows      | 1 2 3 4 5 6 7 8 9 |  9.1
Stealth        | 1 2 3 4 5 6 7 8 9 |  9.1
Shields        | 1 2 3 4 5 6 7 8 9 |  9.1
Unarmed Combat | 1 2 3 4 5 6 7 8 9 |  9.1
Spellcasting   | 1 2 3 4 5 6 7 8 9 |  9.1
Conjurations   | 1 2 3 4 5 6 7 |  7.6
Hexes          | 1 2 3 4 5 6 7 |  7.6
Charms         | 1 2 3 4 5 6 7 |  7.6
Summonings     | 1 2 3 4 5 6 7 |  7.6
Necromancy     | 1 2 3 4 5 6 7 |  7.6
Translocations | 1 2 3 4 5 6 7 |  7.6
Transmutations | 1 2 3 4 5 6 7 |  7.6
Fire Magic     | 1 2 3 4 5 6 7 |  7.6
Ice Magic      | 1 2 3 4 5 6 7 |  7.6
Air Magic      | 1 2 3 4 5 6 7 |  7.6
Earth Magic    | 1 2 3 4 5 6 7 |  7.6
Poison Magic   | 1 2 3 4 5 6 7 |  7.6
Axes           | 3 4 5 6 7 8 9 |  9.5
Throwing       | 3 4 5 6 7 8 9 |  9.5
Armour         | 3 4 5 6 7 8 9 |  9.5
Dodging        | 3 4 5 6 7 8 9 |  9.5
Evocations     | 3 4 5 6 7 8 9 |  9.5
Long Blades    | 5 6 7 8 9 10 | 10.2
Fighting       | 7 8 9 10 11 | 11.1

Action                   |  1- 3 |  4- 6 |  7- 9 | 10-12 | 13-15 || total
-------------------------+-------+-------+-------+-------+-------++-------
Melee: Falchion          |    94 |   129 |       |       |       ||   223
       Bite              |    14 |    28 |    77 |   105 |    67 ||   291
       Punch             |       |     1 |     5 |     3 |       ||     9
       Short sword       |       |    78 |   598 |   290 |       ||   966
       Quarterstaff      |       |       |       |   450 |   576 ||  1026
       Headbutt          |       |       |       |    14 |    32 ||    46
 Fire: Hunting sling     |    12 |     4 |    94 |    26 |       ||   136
       Blowgun           |       |     9 |    40 |     5 |       ||    54
Throw: Throwing net      |       |       |       |     1 |       ||     1
       Tomahawk          |       |       |       |     9 |    45 ||    54
Invok: Major Destruction |       |       |       |       |     2 ||     2
Evoke: Wand              |       |       |     5 |    12 |       ||    17
       Lamp of fire      |       |       |       |       |     1 ||     1
  Use: Scroll            |     5 |    11 |    12 |     8 |     4 ||    40
       Potion            |       |       |     1 |     6 |     1 ||     8
 Stab: Sleeping          |     3 |     2 |     1 |     2 |       ||     8
       Distracted        |     1 |       |       |     2 |       ||     3
       Confused          |       |       |     1 |     3 |       ||     4
       Paralysed         |       |       |       |     8 |       ||     8
  Eat: Chunk             |     1 |     9 |    12 |    16 |    20 ||    58
       Ration            |       |       |     6 |     2 |       ||     8
Armor: Robe              |    17 |    27 |       |       |       ||    44
       Scale mail        |       |    44 |   132 |       |       ||   176
       Chain mail        |       |       |   273 |   496 |   460 ||  1229
Dodge: Dodged            |    84 |   134 |   291 |   299 |   375 ||  1183
       Rpst.: Falchion   |    25 |    26 |       |       |       ||    51

Table legend:
 A = Non-vault XP
 B = Vault XP
 C = Vault XP percentage of total XP
 D = Non-vault monster count
 E = Vault monster count
 F = Vault count percentage of total count
                 A         B        C        D         E       F
            +---------+---------+-------+---------+---------+-------
      Total |   47225 |   15725 |  25.0 |     390 |     170 |  30.4
            +---------+---------+-------+---------+---------+-------
        D:1 |      46 |       0 |   0.0 |      28 |       0 |   0.0
        D:2 |      36 |       0 |   0.0 |       9 |       0 |   0.0
        D:3 |     248 |      36 |  12.7 |      33 |       1 |   2.9
        D:4 |     231 |       0 |   0.0 |      14 |       0 |   0.0
        D:5 |     522 |     151 |  22.4 |      19 |       2 |   9.5
        D:6 |     824 |       0 |   0.0 |      24 |       0 |   0.0
        D:7 |    1072 |     264 |  19.8 |      22 |       1 |   4.3
        D:8 |    1843 |      39 |   2.1 |      12 |       1 |   7.7
        D:9 |    4132 |      91 |   2.2 |      33 |       1 |   2.9
       D:10 |    6159 |    1725 |  21.9 |      53 |      29 |  35.4
       D:11 |    4235 |       0 |   0.0 |      27 |       0 |   0.0
     Lair:1 |     984 |     970 |  49.6 |       6 |       1 |  14.3
     Lair:2 |    1279 |     966 |  43.0 |       6 |       4 |  40.0
     Lair:3 |    6859 |       0 |   0.0 |      33 |       0 |   0.0
     Lair:4 |    2618 |    1531 |  36.9 |      14 |       6 |  30.0
     Lair:5 |    3594 |     466 |  11.5 |      13 |       2 |  13.3
     Lair:6 |   12543 |    8114 |  39.3 |      44 |      46 |  51.1
    Ossuary |       0 |     171 | 100.0 |       0 |      39 | 100.0
     Bailey |       0 |     348 | 100.0 |       0 |      34 | 100.0
    Volcano |       0 |     853 | 100.0 |       0 |       3 | 100.0
            +---------+---------+-------+---------+---------+-------
